 Dungeon Crawl Stone Soup version 0.30-a0-304-gdc4b735fe1 (webtiles) character file.

Game seed: 14989920612889027807

29 lonewolfV2 the Trooper (level 3, 0/33 HPs)
             Began as a Hill Orc Fighter on Oct 20, 2022.
             Slain by Terence
             ... wielding a +0 flail
              (4 damage)
             ... on level 2 of the Dungeon.
             The game lasted 00:01:08 (1082 turns).

lonewolfV2 the Trooper (Hill Orc Fighter)           Turns: 1082, Time: 00:01:09

Health: 0/33       AC:  7    Str: 20    XL:     3   Next: 16%
Magic:  3/3        EV:  9    Int:  8    God:
Gold:   78         SH:  4    Dex: 10    Spells: 2/2 levels left

rFire   . . .      SeeInvis .    a - +0 war axe
rCold   . . .      Faith    .    c - +0 buckler
rNeg    . . .      Spirit   .    b - +0 scale mail
rPois   .          Reflect  .    (no helmet)
rElec   .          Harm     .    (no cloak)
rCorr   .          Rampage  .    (no gloves)
Will    .....                    (no boots)
Stlth   ..........               l - amulet of the acrobat
HPRegen 0.25/turn                (no ring)
MPRegen 0.08/turn                (no ring)

@: no status effects
A: no striking features
a: no special abilities


You were on level 2 of the Dungeon.
You visited 1 branch of the dungeon, and saw 2 of its levels.

You collected 78 gold pieces.

Inventory:

Hand Weapons
 a - a +0 war axe (weapon)
Armour
 b - a +0 scale mail (worn)
 c - a +0 buckler (worn)
Jewellery
 l - an amulet of the acrobat (around neck)
Scrolls
 f - a scroll of summoning {unknown}
 g - a scroll of teleportation {unknown}
 h - a scroll of vulnerability {unknown}
 k - a scroll of enchant weapon {unknown}
Potions
 d - a potion of might
 e - a potion of lignification {unknown}
 i - a potion of flight {unknown}
 j - 2 potions of curing {unknown}
 m - 2 potions of attraction {unknown}


   Skills:
 + Level 4.0 Fighting
 + Level 3.4 Axes
 + Level 3.7 Armour
 + Level 3.5 Shields


You had 2 spell levels left.
You didn't know any spells.
Your spell library contained the following spells:

 Spells                   Type           Power      Damage    Failure   Level
 Slow                     Hex            0%         N/A       85%         1
 Confusing Touch          Hex            0%         N/A       99%         3
 Ignite Poison            Fire/Tmut/Pois 0%         N/A       99%         3
 Kindle Blastsparks       Fire/Tloc/Air  0%         2d10      99%         3
 Summon Guardian Golem    Hex/Summ       0%         N/A       99%         3
 Vampiric Draining        Necr           0%         2d6       99%         3
 Manifold Assault         Tloc           0%         N/A       100%        4
 Freezing Cloud           Conj/Ice/Air   0%         6-21      100%        5
 Dispersal                Tloc           0%         N/A       100%        6
 Orb of Destruction       Conj           0%         9d5       100%        7
 Spellforged Servitor     Conj/Summ      0%         N/A       100%        7
 Disjunction              Tloc           0%         N/A       100%        8


Dungeon Overview and Level Annotations

Branches:
Dungeon (2/15)

Altars:

Annotations:
D:2 Terence


Message History

You block Terence's attack.
A frilled lizard comes into view.
You barely miss Terence.
The frilled lizard hisses angrily.
Terence closely misses you.
You closely miss Terence. You slash the frilled lizard!
You kill the frilled lizard!
Terence looks scornfully at you. Terence hits you with a +0 flail.
Terence hits you but does no damage.
You hit Terence but do no damage. Terence barely misses you.
You hit Terence but do no damage. Terence closely misses you.
You hit Terence.
Terence is lightly wounded.
You block Terence's attack. Terence hits you but does no damage.
You hit Terence.
Terence is moderately wounded.
Terence hits you but does no damage.
You closely miss Terence.
Terence is moderately wounded.
Terence barely misses you.
You barely miss Terence.
Terence is moderately wounded.
Terence misses you. Terence hits you with a +0 flail.
You hit Terence but do no damage.
Terence is moderately wounded.
Terence hits you with a +0 flail.
You barely miss Terence.
Terence is moderately wounded.
You block Terence's attack. Terence hits you with a +0 flail.
You hit Terence.
Terence is moderately wounded.
Terence hits you with a +0 flail!
* * * LOW HITPOINT WARNING * * *
You closely miss Terence.
Terence is moderately wounded.
Terence hits you but does no damage.
You hit Terence but do no damage.
Terence is moderately wounded.
Terence hits you with a +0 flail.
You die...

########## ........
#.#..#.#### .
##.##.##......#### .#
...##..........#.) ...
#######.....#..#.# ...#
##...#..<.#.#..#.# ....#
[..#.####.#....#.#.....#
............##..@......#
#..#.###.##.####@##.##.#
...#...#....#.....#
######.........#..#
...............#..#
..................#
#.#####..........## #.#
#####+###.#.


You could see Terence.

Vanquished Creatures
  A worm (D:2)
  2 endoplasms (D:1)
  A giant cockroach (D:2)
  A hobgoblin (D:2)
  4 jackals (D:1)
  2 quokkas
  6 ball pythons (D:1)
  2 bats (D:1)
  3 frilled lizards
  A goblin (D:1)
  2 kobolds
25 creatures vanquished.

Notes
Turn   | Place    | Note
-------+----------+-------------------------------------------
     0 | D:1      | lonewolfV2 the Hill Orc Fighter began the quest for the
                  | Orb.
     0 | D:1      | Reached XP level 1. HP: 19/19 MP: 1/1
    38 | D:1      | Reached XP level 2. HP: 9/27 MP: 2/2
   555 | D:1      | Reached skill level 4 in Fighting
  1032 | D:2      | Reached XP level 3. HP: 33/33 MP: 3/3
  1060 | D:2      | Noticed Terence
  1082 | D:2      | Slain by Terence

Illustrated notes

Levels and vault maps discovered:
D:1:      heliophobic_arrival_ceremonial_halls, layout_loops_corners,
          hangedman_decor_growths
D:2:      layout_basic, basic_altar, serial_shops, nicolae_lakefront_shop, shop,
          uniq_terence

Skill      XL: |  1  2 |
---------------+-------+-----
Axes           | 3 |  3.4
Fighting       | 4 |  4.0
Armour         | |  3.7
Shields        | |  3.5

Action                   || total
-------------------------++-------
Melee: War axe           ||    53
Armor: Scale mail        ||    26
Dodge: Dodged            ||    43
Block: Buckler           ||    19

Table legend: (Time is in decaauts)
 A = Elapsed time spent in this place.
 B = Non-inter-level travel time spent in this place.
 C = Inter-level travel time spent in this place.
 D = Time resting spent in this place.
 E = Time spent auto-exploring this place.
 F = Levels seen in this place.
 G = Mean time per level.
                   A        B        C        D        E       F      G
               +--------+--------+--------+--------+--------+-----+--------+
         Total |   1102 |   1050 |     52 |      0 |    862 |   2 |  551.0 |
       Dungeon |   1102 |   1050 |     52 |      0 |    862 |   2 |  551.0 |
               +--------+--------+--------+--------+--------+-----+--------+

Top non-repeatable levels by time:
     D:1: 1036 daAuts
     D:2: 66 daAuts
